 Dungeon Crawl Stone Soup version 0.22.0-5-gf09313c (webtiles) character file.

40 Gorglomux the Ducker (level 3, 0/29 HPs)
             Began as a Minotaur Wizard on Aug 13, 2018.
             Killed from afar by Sigmund (9 damage)
             ... with a puff of flame
             ... on level 2 of the Dungeon.
             The game lasted 00:00:33 (1594 turns).

Gorglomux the Ducker (Minotaur Wizard)              Turns: 1594, Time: 00:00:34

Health: 0/29       AC:  3    Str: 12    XL:     3   Next: 30%
Magic:  5/5        EV: 12    Int: 15    God:
Gold:   54         SH:  0    Dex:  8    Spells: 5/6 levels left

rFire    . . .     SeeInvis .   (no weapon)
rCold    . . .     Gourm    .   (no shield)
rNeg     . . .     Faith    .   a - +0 robe
rPois    .         Spirit   .   b - +0 hat
rElec    .         Reflect  .   (no cloak)
rCorr    .         Harm     .   (no gloves)
MR       .....                  f - +0 pair of boots
Stlth    +.........             (no amulet)
HPRegen  0.09/turn              (no ring)
MPRegen  0.09/turn              (no ring)

@: no status effects
A: retaliatory headbutt, horns 2
a: no special abilities


You were on level 2 of the Dungeon.
You were not hungry.

You visited 1 branch of the dungeon, and saw 2 of its levels.

You collected 54 gold pieces.

Inventory:

Armour
 a - a +0 robe (worn)
 b - a +0 hat (worn)
 f - a +0 pair of boots (worn)
Jewellery
 e - an uncursed ring of positive energy {unknown}
Scrolls
 i - a scroll of fog {unknown}
 k - 3 scrolls of random uselessness {unknown}
 m - a scroll of teleportation {unknown}
Potions
 Q - a potion of curing
Comestibles
 d - a ration
 n - 2 chunks of flesh


   Skills:
 + Level 1.8 Fighting
 + Level 1.9 Armour
 + Level 3.0 Dodging
 - Level 1.6 Stealth
 - Level 2.2 Spellcasting
 - Level 0.6 Conjurations
   Level 0.6 Summonings
   Level 0.6 Translocations


You had 5 spell levels left.
You knew the following spells:

 Your Spells              Type           Power        Failure   Level  Hunger
a - Magic Dart            Conj           #...         17%         1    #......

Your spell library contained the following spells:

 Spells                   Type           Power        Failure   Level  Hunger
 Conjure Flame            Conj/Fire      #.......     50%         3    ###....
 Slow                     Hex            #.......     32%         2    ###....
 Mephitic Cloud           Conj/Pois/Air  #.......     52%         3    ###....
 Blink                    Tloc           N/A          26%         2    ###....
 Call Imp                 Summ           #.......     26%         2    ###....


Dungeon Overview and Level Annotations

Branches:
Dungeon (2/15)

Altars:

Annotations:
D:2 Sigmund


Innate Abilities, Weirdness & Mutations

You reflexively headbutt those who attack you in melee.
You have a pair of horns on your head.


Message History

You headbutt the hobgoblin!
You annihilate the hobgoblin!!!
Your Butt skill increases to level 3!!!
Something hits you!
No butt in view!!!
No target in view!!!
No butt in view!!!
No target in view!!!
Things that are here:
a club; a ring butt; a jade ring Unknown command!
You pulverise something!
You headbutt something!
You hear some strange, mumbled words!
A magic dart appears from out of thin air!!!
The magic dart hits you!!!
You miss something!
You butt butt strange, mumbled words!
A butt of flame appears from out of thin air!!!
The puff of flame hits you!!! rip

..# !...# . ..#.# ..
#######.#.######
...#....##.#.#....######
..#......#.#.#.##.##..<#
.....#..##.#......##.###
.............รท>###...##
#...{@....##........#
#..!.####.##........#
#.#.. ..##........# #
#.. ##.##...#.#### #.#
#.##...#...# #.
#.##.......# #.
#.#######..### #. #.#
#......... ###..#..####


There were no monsters in sight!

Vanquished Creatures
  An adder (D:2)
  A dart slug (D:1)
  2 leopard geckos (D:1)
  4 bats
  4 hobgoblins
  A ball python (D:1)
  2 frilled lizards
  9 goblins (D:1)
  A kobold (D:1)
  A rat (D:1)
26 creatures vanquished.

Notes
Turn   | Place    | Note
-------+----------+-------------------------------------------
     0 | D:1      | Gorglomux the Minotaur Wizard began the quest for the Orb.
     0 | D:1      | Reached XP level 1. HP: 14/14 MP: 2/2
   223 | D:1      | Reached XP level 2. HP: 10/22 MP: 4/4
   370 | D:1      | Reached skill level 1 in Armour
   375 | D:1      | Reached skill level 1 in Fighting
  1386 | D:2      | Reached XP level 3. HP: 14/29 MP: 5/5
  1581 | D:2      | Noticed Sigmund
  1591 | D:2      | Reached skill level 3 in Dodging
  1594 | D:2      | Killed from afar by Sigmund

Skill      XL: |  1  2  3 |
---------------+----------+-----
Armour         | 1 |  1.9
Fighting       | 1 |  1.8
Dodging        | 3 |  3.0
Stealth        | |  1.6
Spellcasting   | |  2.2
Conjurations   | |  0.6
Summonings     | |  0.6
Translocations | |  0.6

Action                   || total
-------------------------++-------
Melee: Unarmed           ||   132
       Headbutt          ||    12
  Use: Potion            ||     1
 Stab: Sleeping          ||     3
  Eat: Chunk             ||     2
Armor: Robe              ||    23
Dodge: Dodged            ||   101
